[Event "*** Titled Tuesday Blitz"]
[Site "Chess.com"]
[Date "2020.05.26"]
[Round "5"]
[White "Onischuk_V"]
[Black "BogdanBelyakov89"]
[Result "1-0"]
[WhiteElo "2886"]
[BlackElo "2630"]
[TimeControl "180+1"]
[EndTime "10:56:52 PDT"]
[Termination "Onischuk_V won by checkmate"]

1. e4 e5 2. Nf3 Nc6 3. Bc4 Bc5 4. d3 Nf6 5. O-O O-O 6. Nbd2 a5 7. c3 d6 8. h3 Be6 9. Bb5 h6 10. Re1 Bb6 11.
Nf1 Ne7 12. Ng3 Ng6 13. d4 c6 14. Bd3 Re8 15. Be3 a4 16. Qd2 a3 17. b3 Ba5 18.
Rad1 b5 19. Qc1 Qb8 20. Bb1 Bb6 21. Bxh6 gxh6 22. Qxh6 Rd8 23. Nf5 Bxf5 24. exf5 Qc7 25.
fxg6 fxg6 26. Qxg6+ Qg7 27. Qxg7+ Kxg7 28. dxe5 Nd5 29.
Rc1 dxe5 30. Nxe5 Re8 31. g3 Re6 32. Kg2 Rae8 33. f4 Ba5 34. b4 Bc7 35. Be4 Bxe5 36.
Bxd5 cxd5 37. Rxe5 Rxe5 38. fxe5 Rxe5 39. Kf3 Re4 40. Rd1 Rc4 41. Rd3 Kf6 42. Ke3 Ke5 43.
Kd2 Kd6 44. Kc2 Re4 45. Kb3 Re2 46. Kxa3 Rh2 47. h4 Rg2 48. Kb3 Ke5 49. Re3+ Kf5 50.
a4 bxa4+ 51. Kxa4 Rc2 52. Kb5 Rd2 53. Kc5 Kg4 54. b5 Rd1 55. b6 Rd2 56. b7 Rb2 57. Kc6 Rb3 58. Kc7 Kh3 59. b8=Q d4 60. Qxb3 dxe3 61.
h5 e2 62. Qb1 Kg2 63. Qe1 Kf3 64. h6 Ke3 65. h7 Kd3 66. h8=Q Ke3 67. Qe5+ Kf3 68. Q1xe2# 1-0

[Event "*** Titled Tuesday Blitz"]
[Site "Chess.com"]
[Date "2020.05.26"]
[Round "5"]
[White "MYMChessAcademy"]
[Black "Borsuk_Konstantin"]
[Result "0-1"]
[WhiteElo "2427"]
[BlackElo "2605"]
[TimeControl "180+1"]
[EndTime "10:56:52 PDT"]
[Termination "Borsuk_Konstantin won on time"]

1. e4 e6 2. d4 d5 3. Nc3 Bb4 4. e5 b6 5. Qg4 Bf8 6. h4 h5 7. Qg3 Ba6 8. Nge2 Ne7 9. Bg5 Nf5 10. Bxd8 Nxg3 11. Nxg3 Kxd8 12. Bxa6 Nxa6 13. a3 c5 14. Nce2 Be7 15. O-O-O c4 16. Nf4 g6 17. Nfe2 Nb8 18. Nf1 Nc6 19. Ne3 Kd7 20. g3 b5 21. c3 a5 22. Kc2 Ra6 23. Ra1 Rha8 24. a4 Rb6 25. b3 cxb3+ 26. Kxb3 bxa4+ 27. Kc2 Rab8 28. Rhb1 Rxb1 29. Rxb1 Rxb1 30. Kxb1 Na7 31. c4 dxc4 32.
Nxc4 Kc6 33. Nxa5+ Kd5 34. Kc2 Ke4 35. Nb7 Nb5 36. Nc3+ Nxc3 37. Kxc3 Kf3 38. Nd6 Kxf2 39. Nxf7 Kxg3 40. Nh8 g5 41. hxg5 Bxg5 42. Ng6 h4 43.
Nxh4 Bxh4 44. Kb4 Kf4 0-1

[Event "*** Titled Tuesday Blitz"]
[Site "Chess.com"]
[Date "2020.05.26"]
[Round "5"]
[White "Semen_Khanin"]
[Black "SoltaniciR"]
[Result "1-0"]
[WhiteElo "2704"]
[BlackElo "2473"]
[TimeControl "180+1"]
[EndTime "10:56:53 PDT"]
[Termination "Semen_Khanin won on time"]

1. e4 c5 2. Nf3 d6 3. d4 cxd4 4. Nxd4 Nf6 5. Nc3 a6 6. f3 e6 7. Be3 b5 8. Qd2 Nbd7 9. g4 b4 10. Na4 h6 11. h4 Ne5 12. Be2 Bd7 13. b3 d5 14. Bf4 Bd6 15. Nb2 Qc7 16. Be3 dxe4 17. O-O-O exf3 18. Nxf3 Rc8 19. Nxe5 Ne4 20. Qd3 Bxe5 21. Qxe4 Bc6 22. Qc4 Qb7 23. Qxa6 Bxh1 24.
Bb5+ Ke7 25. Nc4 Qxa6 26. Bxa6 Rxc4 27. Bxc4 Bf3 28. Bc5+ Kf6 29. Rf1 Bf4+ 30. Kb1 Bxg4 31. Rxf4+ Bf5 32. Bd3 g5 33. hxg5+ Kxg5 34. Rf1 Bxd3 35.
cxd3 f5 36. Bxb4 f4 37. Bd2 e5 38. d4 Rd8 39. Bc3 e4 40. Kc2 Kf5 41. a4 1-0

[Event "*** Titled Tuesday Blitz"]
[Site "Chess.com"]
[Date "2020.05.26"]
[Round "5"]
[White "aleksandrovaleksei"]
[Black "CyberneticLion"]
[Result "1-0"]
[WhiteElo "2678"]
[BlackElo "2442"]
[TimeControl "180+1"]
[EndTime "10:56:53 PDT"]
[Termination "aleksandrovaleksei won by resignation"]

1. d4 d5 2. c4 e6 3. Nc3 Nf6 4. cxd5 exd5 5. Bg5 Be7 6. e3 c6 7.
Bd3 h6 8. Bh4 Ne4 9. Bxe7 Qxe7 10. Bxe4 dxe4 11. Nge2 Bf5 12. Ng3 Bg6 13. Qg4 Na6 14.
Ngxe4 h5 15. Qg5 Qxg5 16. Nxg5 O-O-O 17. O-O Rhe8 18. Rfd1 f6 19. Nf3 Nb4 20. a3 Nd5 21.
Rac1 Bf5 22. Nxd5 Rxd5 23. Rc3 Bg4 24. Rdc1 Bxf3 25. gxf3 f5 26. f4 Re6 27. Rc5 Kd7 28.
Rxd5+ cxd5 29. Rc5 Kd6 30. Rc8 Rg6+ 31. Kf1 Kd7 32. Rf8 Ke7 33. Rg8 Kf7 34. Rd8 Rb6 35.
Rxd5 Rxb2 36. Rxf5+ Kg6 37. Ra5 a6 38. h4 Kf6 39. Rxh5 b6 40. Rd5 Rb3 41. a4 Ke6 42. Re5+ Kd6 43. Rg5 Ra3 44. Rxg7 Rxa4 45. h5 Ra5 46. Rg5 Ra1+ 47. Kg2 Rc1 48. Rg6+ Kd7 1-0

[Event "*** Titled Tuesday Blitz"]
[Site "Chess.com"]
[Date "2020.05.26"]
[Round "5"]
[White "PauloFanha"]
[Black "AlexZambrano"]
[Result "0-1"]
[WhiteElo "1985"]
[BlackElo "2290"]
[TimeControl "180+1"]
[EndTime "10:56:53 PDT"]
[Termination "AlexZambrano won on time"]

1. e4 d5 2. exd5 Qxd5 3. Nc3 Qd6 4. d4 c6 5. Bc4 Nf6 6. Nf3 Bg4 7. Be3 e6 8. h3 Bxf3 9. Qxf3 Nbd7 10. a3 Qc7 11.
Bf4 Bd6 12. Bxd6 Qxd6 13. O-O-O O-O 14. g4 b5 15. Bd3 b4 16. Ne4 Nxe4 17. Qxe4 Nf6 18.
Qe5 Qe7 19. axb4 Qxb4 20. g5 Nd5 21. Qe4 g6 22. h4 Rab8 23. b3 Qa3+ 24. Kd2 Qa5+ 25.
Kc1 Nc3 26. Qe5 Qxe5 27. dxe5 Nxd1 28. Kxd1 a5 29. Kd2 Rb4 30. Ke3 a4 31. bxa4 Rxa4 32. h5 gxh5 33. Rxh5 Rg4 34. f4 Rg1 35. Bxh7+ Kg7 36.
Be4 c5 37. Rh7+ Kg8 38. Rh2 Rd8 39. Bd3 Rd4 40. Kf2 Rg4 41. Ke3 Rgxf4 42. g6 Rh4 43. Rg2 Rdg4 44. gxf7+ Kxf7 45. Rf2+ Ke7 46. Rf6 c4 47. Bg6 Rh6 48. Rf7+ Kd8 49. Be4 Rh3+ 50. Bf3 Rgg3 51. Rf6 Kd7 52. Kf2 Kc7 53. Rf7+ Kb6 0-1

[Event "*** Titled Tuesday Blitz"]
[Site "Chess.com"]
[Date "2020.05.26"]
[Round "5"]
[White "Lunow"]
[Black "chessfrendz"]
[Result "0-1"]
[WhiteElo "2166"]
[BlackElo "2409"]
[TimeControl "180+1"]
[EndTime "10:56:54 PDT"]
[Termination "chessfrendz won on time"]

1. c4 e6 2. g3 Nf6 3. Bg2 d5 4. Nf3 c6 5. O-O dxc4 6. a4 Nd5 7. Na3 Bxa3 8. Rxa3 O-O 9. a5 Na6 10. Ne5 b5 11. axb6 axb6 12. Nxc4 Bb7 13. d3 Nc5 14.
Rxa8 Bxa8 15. Bd2 Qc7 16. Qc2 Bb7 17. Rc1 Nd7 18. b4 h6 19. e4 Ne7 20. Be3 Ra8 21.
e5 Nd5 22. Bxd5 exd5 23. Nd6 Nxe5 24. Nxb7 Qxb7 25. Bf4 Nf3+ 26. Kg2 Nd4 27. Qc3 Ne2 28. Qxc6 Nxf4+ 29. gxf4 Qxc6 30. Rxc6 Ra3 31. Rxb6 Rxd3 32.
Rb8+ Kh7 33. b5 Rd4 34. b6 Rxf4 35. b7 Rb4 36. Rd8 Rxb7 37. Rxd5 Kg6 38. Rc5 f6 39. Ra5 Rb3 40. Rc5 h5 41. Ra5 h4 42. Rc5 Kh6 43.
Ra5 g5 44. h3 Kg6 45. Ra6 Rd3 46. Ra5 Rd4 47. Ra6 Kf5 0-1

[Event "*** Titled Tuesday Blitz"]
[Site "Chess.com"]
[Date "2020.05.26"]
[Round "5"]
[White "Chessmasterzt"]
[Black "cancrushyou"]
[Result "0-1"]
[WhiteElo "2567"]
[BlackElo "2435"]
[TimeControl "180+1"]
[EndTime "10:56:56 PDT"]
[Termination "cancrushyou won on time"]

1. Nf3 d5 2. g3 Nf6 3. Bg2 e6 4. O-O Be7 5. b3 O-O 6. c4 b6 7.
e3 c5 8. Bb2 Bb7 9. Nc3 Nbd7 10.
Qe2 Rc8 11. Rfd1 Qc7 12. Rac1 Rfd8 13. d3 Qb8 14. e4 dxe4 15. dxe4 Ng4 16. Ne1 Nge5 17.
f4 Nc6 18. Nf3 Nf8 19. e5 Rxd1+ 20. Rxd1 Rd8 21. Nb5 a6 22. Nc3 Nd4 23. Nxd4 cxd4 24. Ne4 Bc5 25. Nxc5 bxc5 26. Ba3 Bxg2 27. Qxg2 Qb6 28.
Qe4 a5 29. f5 exf5 30. Qxf5 Ne6 31. Rf1 Qc7 32. Bc1 Rd7 33. Rf3 Qc6 34. Bd2 a4 35. Rf1 axb3 36. axb3 d3 37. Qf3 Qxf3 38. Rxf3 Nd4 39.
Rf2 Nxb3 40. Kg2 Kf8 41. Kf3 Ke7 42. Ke4 Ke6 43. Bc3 d2 44. Bxd2 Rxd2 45. Rf3 Rd4+ 0-1

[Event "*** Titled Tuesday Blitz"]
[Site "Chess.com"]
[Date "2020.05.26"]
[Round "5"]
[White "Slovak_fighter2000"]
[Black "allvim"]
[Result "0-1"]
[WhiteElo "2471"]
[BlackElo "2274"]
[TimeControl "180+1"]
[EndTime "10:56:56 PDT"]
[Termination "allvim won by resignation"]

1. Nf3 Nf6 2. c4 e6 3. g3 d5 4. Bg2 Be7 5. O-O O-O 6. b3 b6 7. Bb2 Bb7 8. d3 Nbd7 9. Nbd2 Rc8 10. Qc2 c5 11. e4 d4 12. Nh4 g5 13. Nhf3 h6 14.
h3 Qc7 15. Nh2 e5 16. Qd1 Rfe8 17. Ng4 Nxg4 18. hxg4 Nf6 19. Bf3 Kg7 20. Kg2 Rh8 21. Rh1 Rh7 22. Rh2 Rch8 23. Qe2 Bc8 24. Rah1 Qd7 25.
a4 Nxg4 26. Bxg4 Qxg4 27. Qxg4 Bxg4 28. f3 Be6 29. g4 Rb8 30. Nf1 a6 31. Ng3 b5 32.
axb5 axb5 33. Rb1 bxc4 34. bxc4 Rb3 35. Nf5+ Bxf5 36. gxf5 Rxd3 37. Kg3 Rh8 38. Bc1 Ra8 39. Rb7 Bf6 40. Rb5 Rc3 41. Bb2 Rxc4 42. Rb6 Rb4 43.
Rxb4 cxb4 44. Rc2 Ra2 45. Kf2 b3 46. Rd2 Be7 47. Ke2 Ba3 48. Bxa3 Rxa3 49. Kd3 b2+ 50. Kc2 Rxf3 51. Kxb2 Re3 52. Rf2 Rxe4 53. Kc2 Kf6 54. Kd3 Rf4 55. Rh2 Rh4 56. Rf2 g4 57. Ke4 g3+ 58.
Kf3 gxf2 59. Kg2 f1=Q+ 60. Kxf1 Rf4+ 61. Kg2 Kxf5 62. Kg3 d3 63. Kh3 d2 0-1

[Event "*** Titled Tuesday Blitz"]
[Site "Chess.com"]
[Date "2020.05.26"]
[Round "5"]
[White "Ceejay271"]
[Black "GelmanAlexander"]
[Result "1/2-1/2"]
[WhiteElo "2406"]
[BlackElo "2555"]
[TimeControl "180+1"]
[EndTime "10:56:58 PDT"]
[Termination "Game drawn by agreement"]

1. d4 Nf6 2. c4 c5 3. d5 b5 4.
cxb5 a6 5. bxa6 e6 6. Nc3 exd5 7. Nxd5 Nxa6 8. Nf3 Nxd5 9. Qxd5 Nc7 10. Qe5+ Ne6 11. g3 Be7 12. Bg2 Bf6 13. Qd6 Ra6 14. Qd3 d5 15.
Qb5+ Qd7 16. Qxd7+ Bxd7 17. O-O Ke7 18. Rd1 d4 19.
Nd2 Rb8 20. Bd5 Bg5 21. Nc4 Bxc1 22. Rdxc1 Nc7 23. Be4 Re6 24. Bd3 Nd5 25. a3 Bb5 26.
Rc2 Nb6 27. Nxb6 Bxd3 28. exd3 Rexb6 29. Rxc5 Rxb2 30. Rd5 Rb1+ 31. Rxb1 Rxb1+ 32. Kg2 Ra1 33. Rxd4 Rxa3 34. Kf3 Ke6 35. Ke3 h5 36. h4 f6 37.
Rb4 g6 38. Rb6+ Kf5 39. f3 Ke5 40. Rb5+ Ke6 41. Ke4 Ra4+ 42. d4 Ra6 43. Rc5 Rb6 44. Ra5 Rb1 45. Ra6+ Ke7 46. d5 Rb4+ 47. Ke3 Rb3+ 48.
Kf2 Rb2+ 49. Kg1 Rb1+ 50. Kg2 Rb2+ 51. Kh3 Rd2 52. Ra5 Kd6 53. g4 Rxd5 54. Ra6+ Ke5 55.
gxh5 gxh5 56. Kg3 Kf5 57. Ra8 Rd1 58. Ra5+ Kg6 1/2-1/2

[Event "*** Titled Tuesday Blitz"]
[Site "Chess.com"]
[Date "2020.05.26"]
[Round "5"]
[White "Gahan-MG"]
[Black "Chessdemon2019"]
[Result "0-1"]
[WhiteElo "2574"]
[BlackElo "2318"]
[TimeControl "180+1"]
[EndTime "10:56:59 PDT"]
[Termination "Chessdemon2019 won by resignation"]

1. e4 c5 2. Nf3 d6 3. Bb5+ Nd7 4. c3 a6 5. Ba4 Nf6 6. Bc2 g6 7. O-O Bg7 8. Re1 O-O 9. d4 cxd4 10. cxd4 b5 11.
a3 Bb7 12. Nc3 Rc8 13. Bg5 h6 14. Bh4 Nb6 15. e5 dxe5 16. dxe5 Nfd5 17. e6 f5 18. Nxd5 Nxd5 19. Ne5 g5 20. Bg3 f4 21. Qd3 Rxc2 22. Qxc2 fxg3 23. hxg3 Qd6 24. Nf7 Qc6 25. Qxc6 Bxc6 26.
Rac1 Rc8 27. Ne5 Bb7 28. Nd3 Rxc1 29. Rxc1 Bd4 30. Rd1 Bb6 31. Kf1 Kg7 32. Ne5 Kf6 33.
Rxd5 Bxd5 34. Nd7+ Kxe6 35. Nxb6 Bb7 36. a4 Kd6 37. a5 Kc5 38. f4 Kb4 39. Nd7 Kxa5 40. f5 Bc8 41. f6 exf6 42. Nxf6 Kb4 43. Ke2 Kb3 44. Ng8 h5 45. Ne7 Be6 46. Nc6 Kxb2 47. Ke3 Bd5 48. Nb4 Bb7 49. g4 hxg4 50. g3 a5 51. Nd3+ Kc3 52. Nc5 Bc6 53. Ne6 b4 54. Nd4 Bd5 55. Nb5+ Kc2 56. Kd4 Bf3 57. Kc5 b3 58. Nd4+ Kc3 59. Nb5+ Kd3 60. Na3 b2 61.
Kb5 Kc3 62. Kxa5 Kb3 63. Nb1 Kc2 64. Na3+ Kc1 65. Kb4 b1=Q+ 66. Nxb1 Kxb1 67. Kc3 Kc1 68. Kd4 Kd1 69. Ke3 Ke1 0-1

[Event "*** Titled Tuesday Blitz"]
[Site "Chess.com"]
[Date "2020.05.26"]
[Round "5"]
[White "Xtrmntr78"]
[Black "MaxVavulin"]
[Result "0-1"]
[WhiteElo "2435"]
[BlackElo "2615"]
[TimeControl "180+1"]
[EndTime "10:56:59 PDT"]
[Termination "MaxVavulin won on time"]

1. c4 e5 2. Nc3 Nc6 3. Nf3 d6 4. g3 f5 5. Bg2 Nf6 6. O-O g6 7. Rb1 Bg7 8. b4 O-O 9. b5 Ne7 10. a4 h6 11. Ba3 g5 12. e3 Ng6 13. Qc2 Rf7 14. c5 d5 15. c6 b6 16. d4 e4 17. Ne5 Nxe5 18. dxe5 Ng4 19. Rbd1 Be6 20. Ne2 Nxe5 21. Bb2 Ng6 22. Bxg7 Kxg7 23. Nd4 Qf6 24. Rd2 f4 25. Rfd1 Bg4 26. Re1 Raf8 27. h3 Bc8 28.
Nb3 Qe5 29. Kh2 g4 30. exf4 Nxf4 31. gxf4 Qxf4+ 32. Kg1 gxh3 33. Bxh3 Qg5+ 34. Bg2 Kh7 35. f4 Rxf4 36. Nd4 Rh8 37. Rf1 Rg8 38. Rxf4 Qxf4 39. Rf2 Qe3 40. Qd2 Qxd2 41. Rxd2 Rg3 42. Kf2 Rc3 43.
Ne2 e3+ 44. Ke1 exd2+ 0-1

[Event "*** Titled Tuesday Blitz"]
[Site "Chess.com"]
[Date "2020.05.26"]
[Round "5"]
[White "chito89"]
[Black "Jumbo"]
[Result "0-1"]
[WhiteElo "2745"]
[BlackElo "2867"]
[TimeControl "180+1"]
[EndTime "10:57:00 PDT"]
[Termination "Jumbo won by resignation"]

1. d4 Nf6 2. c4 e6 3. Nf3 Bb4+ 4. Bd2 a5 5. g3 d5 6. Bg2 dxc4 7.
O-O b5 8. a4 bxa4 9. Qxa4+ Bd7 10. Qc2 Nc6 11. Qxc4 Rb8 12. Rd1 O-O 13. Qc2 Qe7 14.
Nc3 Rfd8 15. e4 h6 16. h3 Be8 17. Be3 Nd7 18. Na4 Nb6 19. Nc5 Bxc5 20. dxc5 Nd7 21. Nd4 Nde5 22. Nxc6 Nxc6 23. Qc3 Rxd1+ 24. Rxd1 a4 25.
Ra1 Rb3 26. Qc2 Nb4 27. Qc4 Nd3 28. c6 Nxb2 29. Qa6 Qb4 30. Qa8 Qb8 31. Qa5 Bxc6 32.
Bf4 Be8 33. Bxc7 Qc8 34. Qe5 Nc4 35. Qc5 Nd2 36. Bd6 Qxc5 37. Bxc5 Nf3+ 38. Bxf3 Rxf3 39.
Rd1 f6 40. Rd8 Kf7 41. Ra8 Rc3 42. Ra7+ Kg8 43. Bf8 Kxf8 0-1

[Event "*** Titled Tuesday Blitz"]
[Site "Chess.com"]
[Date "2020.05.26"]
[Round "5"]
[White "Matveev_Vladimir"]
[Black "anon569"]
[Result "0-1"]
[WhiteElo "2560"]
[BlackElo "2291"]
[TimeControl "180+1"]
[EndTime "10:57:00 PDT"]
[Termination "anon569 won by resignation"]

1. d4 Nf6 2. c4 e6 3. Nf3 Bb4+ 4.
Bd2 c5 5. Bxb4 cxb4 6. g3 Nc6 7.
Bg2 O-O 8. O-O d6 9. e3 e5 10. a3 bxa3 11. Rxa3 Bg4 12. h3 Bxf3 13.
Bxf3 exd4 14. exd4 Qb6 15. Rb3 Qc7 16. Rd3 Nb4 17. Rc3 d5 18. c5 Rfe8 19. Rb3 Nc6 20. Nc3 Qd7 21. Kg2 Re7 22. Ra3 Rae8 23. Nb5 Ne4 24.
Nxa7 Nxa7 25. Rxa7 Qb5 26. Bxe4 Rxe4 27. Qa4 Qxb2 28.
c6 bxc6 29. Qxc6 Qxd4 30. Rd7 R4e5 31. Rc1 Qe4+ 32. Kg1 Qf3 33. Rf1 Re1 34. Qb5 Rxf1+ 35. Qxf1 h5 36. Qg2 Qd1+ 37. Kh2 Re2 38. Rxd5 Qc2 39.
Rd8+ Kh7 40. Kg1 Re1+ 41. Kh2 Re2 42. Kg1 h4 43. gxh4 Re1+ 44. Kh2 Qc7+ 45. Qg3 Qxd8 0-1

[Event "*** Titled Tuesday Blitz"]
[Site "Chess.com"]
[Date "2020.05.26"]
[Round "5"]
[White "Ranindu2003"]
[Black "slowdgehammer"]
[Result "1/2-1/2"]
[WhiteElo "2519"]
[BlackElo "2358"]
[TimeControl "180+1"]
[EndTime "10:57:00 PDT"]
[Termination "Game drawn by repetition"]

1. e4 c5 2. Nf3 e6 3. d4 cxd4 4.
Nxd4 Nf6 5. Nc3 Nc6 6. Nxc6 bxc6 7. Bd3 d5 8. O-O Be7 9. Bf4 O-O 10. Qe2 Bb7 11. Rad1 Re8 12. Bg3 Qb6 13. Rb1 a5 14. Kh1 Ba6 15. e5 Nd7 16. f4 Bxd3 17. cxd3 g6 18.
h4 Nc5 19. h5 Rab8 20. d4 Nd7 21. Bf2 Rf8 22. g4 c5 23. Rfd1 cxd4 24. Bxd4 Qb7 25. f5 Bc5 26. Qe3 Bxd4 27. Rxd4 exf5 28. gxf5 Rbe8 29.
hxg6 fxg6 30. fxg6 Nxe5 31. Rg1 Nf3 32. gxh7+ Kh8 33. Rg8+ Kxh7 34. Rxf8 Rxf8 35. Nxd5 Nxd4 36. Qh3+ Kg8 37. Qg4+ Kf7 38. Qxd4 Rd8 39. Qf6+ Ke8 40. Qe6+ Kf8 41. Qf6+ Ke8 42. Qe6+ Kf8 43. Qf6+ Ke8 1/2-1/2

[Event "*** Titled Tuesday Blitz"]
[Site "Chess.com"]
[Date "2020.05.26"]
[Round "5"]
[White "WiktoriaPOL"]
[Black "marszach123"]
[Result "1-0"]
[WhiteElo "2006"]
[BlackElo "2178"]
[TimeControl "180+1"]
[EndTime "10:57:02 PDT"]
[Termination "WiktoriaPOL won on time"]

1. c4 e5 2. Nc3 Nf6 3. Nf3 Nc6 4. e4 d6 5. d4 Bg4 6. d5 Nd4 7. Be3 Nxf3+ 8. gxf3 Bd7 9. Bg2 g6 10. b4 Bg7 11. c5 O-O 12. Rc1 a5 13. b5 dxc5 14.
Bxc5 Re8 15. a4 Nh5 16. Ne2 Bh6 17. Be3 Bf8 18. O-O Bd6 19. Ng3 Nf4 20. Qd2 Qh4 21.
Bxf4 exf4 22. Ne2 Be5 23. Kh1 g5 24. Rg1 Kh8 25. Bf1 Rg8 26. Nd4 Rg6 27. Nf5 Bxf5 28. exf5 Rh6 29. h3 f6 30. Rg4 Qh5 31. Rc2 Qf7 32. Kg2 Rd8 33. Qxa5 Qxd5 34. Bc4 b6 35.
Bxd5 bxa5 36. Be6 Rh5 37. Rc6 Rh4 38. Rxh4 gxh4 39. Ra6 Bc3 40. Ra7 Be5 41. Rxa5 Bd4 42. Ra6 Bc5 43. Rc6 1-0

[Event "*** Titled Tuesday Blitz"]
[Site "Chess.com"]
[Date "2020.05.26"]
[Round "5"]
[White "Igor_Lysyj"]
[Black "Paralinch"]
[Result "1-0"]
[WhiteElo "2779"]
[BlackElo "2872"]
[TimeControl "180+1"]
[EndTime "10:57:03 PDT"]
[Termination "Igor_Lysyj won by resignation"]

1. d4 d5 2. c4 dxc4 3. e3 e5 4. Bxc4 exd4 5. exd4 Bd6 6. Nf3 Nf6 7. Qe2+ Qe7 8. Qxe7+ Bxe7 9. O-O Nbd7 10. Re1 Nb6 11. Bb3 c6 12. Bg5 Nbd5 13. Nc3 Be6 14. Bxf6 gxf6 15. Nxd5 cxd5 16. g3 Rc8 17. Nh4 Kd7 18. Ng2 Bd6 19. Ne3 Bb4 20. Rec1 Kd6 21. Rxc8 Rxc8 22. Rd1 h6 23. f4 Ba5 24. Kf2 f5 25. Bc2 Bb6 26. Bxf5 h5 27. Bxe6 fxe6 28. Ke2 Bd8 29.
Kd3 b5 30. Rf1 Bf6 31. h3 Rh8 32. Rc1 a6 33. b3 Rg8 34. g4 hxg4 35. hxg4 Rh8 36.
g5 Bg7 37. f5 e5 38. f6 e4+ 39. Ke2 Rh2+ 40. Kd1 Bxf6 41. gxf6 Rxa2 42. f7 Rf2 43.
Ra1 Kc6 44. Rxa6+ Kb7 45. Rd6 Rxf7 46. Rxd5 Kc6 47. Rc5+ Kb6 48. Nd5+ Ka5 49. Rc7 Rxc7 50. Nxc7 Kb4 51. Kd2 Kxb3 52. d5 Kc4 53. d6 b4 54.
d7 1-0

[Event "*** Titled Tuesday Blitz"]
[Site "Chess.com"]
[Date "2020.05.26"]
[Round "5"]
[White "verdest"]
[Black "TenisMaster"]
[Result "0-1"]
[WhiteElo "2522"]
[BlackElo "2817"]
[TimeControl "180+1"]
[EndTime "10:57:03 PDT"]
[Termination "TenisMaster won by resignation"]

1. d4 Nf6 2. c4 e6 3. Nf3 d5 4. Nc3 c6 5. cxd5 exd5 6. Qc2 Nbd7 7. Bg5 h6 8. Bh4 g5 9. Bg3 Nh5 10. e3 Nxg3 11. hxg3 Bg7 12. Bd3 Nb6 13. O-O Be6 14.
Ne5 h5 15. f4 gxf4 16. exf4 Qf6 17. Rae1 O-O-O 18. b4 Kb8 19. a4 Nc4 20. Bxc4 dxc4 21. f5 Bd5 22. Ne4 Qh6 23. b5 cxb5 24. axb5 h4 25. g4 h3 26. f6 hxg2 27. Qxg2 Bf8 28.
Rf5 Qh4 29. Nf3 Qh7 30. Rh5 Qg8 31. Rg5 Qh7 32. Rh5 Bh6 33. g5 Bxe4 34. Rxh6 Qf5 35. Nh4 Bxg2 36. Nxf5 Bd5 37. Ne7 Bf3 38. Rxh8 Rxh8 39.
g6 fxg6 40. Rf1 Bd5 41. f7 Bxf7 42. Rxf7 c3 43. Rf3 Re8 44. Nd5 c2 45. Rf1 Re2 46.
Nb4 Rd2 47. Nxc2 Rxc2 48. Rf6 Rb2 49. Rxg6 Rxb5 50. Kf2 Rb3 51. Ke2 a5 52. Rg7 Ka7 53. Kd2 Ka6 54. Kc2 Rf3 55. Rg5 b6 56. Kb2 a4 57. d5 b5 58. Rg6+ Ka5 59. Rg4 Rd3 60.
Rg5 Kb4 61. Rg4+ Kc5 62. Rg5 Rxd5 0-1

[Event "*** Titled Tuesday Blitz"]
[Site "Chess.com"]
[Date "2020.05.26"]
[Round "5"]
[White "Chessacademia"]
[Black "Giraffe_Chess"]
[Result "0-1"]
[WhiteElo "2254"]
[BlackElo "2415"]
[TimeControl "180+1"]
[EndTime "10:57:05 PDT"]
[Termination "Giraffe_Chess won by resignation"]

1. d4 f5 2. c4 Nf6 3. Nc3 e6 4. a3 Be7 5. f3 O-O 6. e4 fxe4 7. fxe4 d6 8. Nf3 Nc6 9. Be2 e5 10. d5 Nb8 11. O-O a5 12. h3 Na6 13. Be3 Nd7 14.
Qd2 Ndc5 15. Qc2 Bd7 16. b3 Qe8 17. Rab1 Qg6 18. Kh1 a4 19. b4 Nb3 20. Nd2 Nd4 21.
Bxd4 exd4 22. Nb5 Bf6 23. Qd3 Bxb5 24. cxb5 Nb8 25. Nf3 Nd7 26. Nxd4 Ne5 27. Qd2 Rf7 28. Nf5 Bg5 29. Qe1 Raf8 30. Qg3 Qf6 31. Rb2 Kh8 32. Rc2 g6 33. h4 gxf5 34. hxg5 Qg6 35. exf5 Rxf5 36.
Rxf5 Rxf5 37. Rxc7 Rxg5 38. Rc8+ Kg7 39. Rc7+ Kh8 40. Qh3 Rg3 41. Qc8+ Qg8 42. Qxg8+ Kxg8 43. Rxb7 Re3 44. Bh5 Re4 45. Bf3 Re3 46. Re7 Re1+ 47. Kh2 Nxf3+ 48. gxf3 Rxe7 49. Kg3 Kf7 50. Kg4 Kf6 51.
f4 Rb7 52. b6 Rxb6 53. f5 0-1

[Event "*** Titled Tuesday Blitz"]
[Site "Chess.com"]
[Date "2020.05.26"]
[Round "5"]
[White "CHESSMASTER759"]
[Black "ErikBlomqvist"]
[Result "1-0"]
[WhiteElo "2653"]
[BlackElo "2433"]
[TimeControl "180+1"]
[EndTime "10:57:06 PDT"]
[Termination "CHESSMASTER759 won by resignation"]

1. e4 c5 2. c3 d5 3. exd5 Qxd5 4. Nf3 Nf6 5. Na3 e6 6. Bc4 Qd8 7. O-O Nc6 8. Qe2 Be7 9. Rd1 a6 10. d4 cxd4 11. Nxd4 Nxd4 12. Rxd4 Bd7 13. Nc2 O-O 14. Bf4 Qc8 15. Rad1 Bc6 16. Be5 Rd8 17.
Rxd8+ Bxd8 18. Nd4 Bd5 19. Bxd5 Nxd5 20. c4 Ne7 21. b3 Bc7 22. Nf3 Nc6 23. Bb2 Qe8 24. Nd4 Rd8 25. Nxc6 Qxc6 26. Rxd8+ Bxd8 27. Qd3 Be7 28. g3 f6 29. a4 Bc5 30. Bc3 Qb6 31. Be1 Qd6 32. Qxd6 Bxd6 33. Kf1 Kf7 34. Ke2 e5 35. f3 f5 36. Kd3 Ke6 37. b4 Be7 38. Bd2 g5 39. h3 h5 40. b5 g4 41. hxg4 hxg4 42. fxg4 e4+ 43. Kd4 Bf6+ 44. Ke3 Bg5+ 45. Ke2 Bxd2 46.
Kxd2 fxg4 47. Ke3 Ke5 48. c5 axb5 49. axb5 Kd5 50. c6 bxc6 51. bxc6 Kxc6 52. Kxe4 Kd6 53. Kf4 Ke6 54. Kxg4 Kf6 55. Kh5 Kf7 56. Kh6 Kg8 57.
Kg6 Kh8 58. g4 Kg8 59. g5 Kh8 60. Kf7 Kh7 61. g6+ Kh6 62. g7 1-0

[Event "*** Titled Tuesday Blitz"]
[Site "Chess.com"]
[Date "2020.05.26"]
[Round "5"]
[White "GrafLermontov"]
[Black "AlanZhang"]
[Result "1-0"]
[WhiteElo "2478"]
[BlackElo "2245"]
[TimeControl "180+1"]
[EndTime "10:57:06 PDT"]
[Termination "GrafLermontov won on time"]

1. d4 Nf6 2. c4 e6 3. Nf3 d5 4.
Nc3 Be7 5. cxd5 exd5 6. Bg5 c6 7. Qc2 O-O 8. e3 Nbd7 9. Bd3 Re8 10. O-O Nf8 11. Ne5 Ng6 12. f4 Ng4 13. Bxe7 Qxe7 14. Rae1 N4xe5 15. fxe5 Be6 16. Rf3 c5 17. Ref1 cxd4 18.
exd4 Qb4 19. Qf2 Rf8 20. h4 Ne7 21. a3 Qb6 22. Na4 Qc6 23. Nc5 b6 24. Nxe6 Qxe6 25. h5 Kh8 26. Qg3 Ng8 27. Qg5 f6 28. Qg3 Rf7 29.
Bf5 Qe7 30. e6 Rff8 31. Re3 Nh6 32. Qf4 Nxf5 33. Qxf5 Rad8 34. Rc1 Rd6 35. Rce1 Re8 36. g4 Kg8 37. Kg2 h6 38. Kg3 a5 39. Kf4 b5 40.
Rc3 b4 41. axb4 axb4 42. Rc5 Rxe6 43. Qxd5 Kh8 44. Rxe6 Qxe6 45. Qxe6 Rxe6 46. Rc8+ Kh7 47. d5 Re2 48. b3 Rd2 49. Ke4 g5 50. Rd8 Kg7 51.
d6 1-0

[Event "*** Titled Tuesday Blitz"]
[Site "Chess.com"]
[Date "2020.05.26"]
[Round "5"]
[White "Tashik"]
[Black "XDPS"]
[Result "0-1"]
[WhiteElo "2444"]
[BlackElo "2704"]
[TimeControl "180+1"]
[EndTime "10:57:07 PDT"]
[Termination "XDPS won on time"]

1. c4 c6 2. d4 d5 3. Nf3 Nf6 4.
Nc3 e6 5. Bg5 Nbd7 6. e3 Qa5 7.
Nd2 dxc4 8. Bxf6 Nxf6 9. Nxc4 Qc7 10. Rc1 Be7 11. Be2 O-O 12. O-O Rd8 13. Qb3 Bd7 14.
Ne5 Be8 15. f4 Rac8 16. a4 Qb8 17. Nd3 b6 18. Ne5 c5 19. Ba6 Rc7 20. Nb5 Rb7 21. Bxb7 Qxb7 22. dxc5 bxc5 23. Nd4 Qa6 24. Nb5 Qb7 25.
Nd4 Qa6 26. Nb5 Qb6 27. Nc4 Qb8 28. Qc2 a6 29. Nc3 Qb4 30. b3 Nd5 31. Nxd5 exd5 32.
Ne5 Qb6 33. Nd3 Rc8 34. Ne5 f6 35. Qf5 Rd8 36. Nf3 Bg6 37. Qg4 Qxb3 38. Qe6+ Kf8 39. Qxa6 Qxe3+ 40. Kh1 Be4 41. Rce1 Qb3 42. Qe6 Qb8 43. Ng5 fxg5 44. fxg5+ Ke8 45. Rf7 Qd6 46. Rxe7+ Qxe7 47. Qc6+ Rd7 0-1

[Event "*** Titled Tuesday Blitz"]
[Site "Chess.com"]
[Date "2020.05.26"]
[Round "5"]
[White "NewBornNow"]
[Black "MrTattaglia"]
[Result "1-0"]
[WhiteElo "2724"]
[BlackElo "2982"]
[TimeControl "180+1"]
[EndTime "10:57:08 PDT"]
[Termination "NewBornNow won on time"]

1. e4 e5 2. Nf3 Nc6 3. Bb5 a6 4. Ba4 Nf6 5. O-O Be7 6. d3 b5 7. Bb3 d6 8. c3 O-O 9. h3 Nb8 10.
Re1 Nbd7 11. Nbd2 Bb7 12. Nf1 Re8 13. Ng3 h6 14. a3 c6 15. Ba2 Nf8 16. Nh4 Nxe4 17.
Rxe4 d5 18. Rxe5 Bxh4 19. Rxe8 Qxe8 20. Nf5 Bf6 21. Nd6 Qd7 22. Nxb7 Qxb7 23. d4 Re8 24.
Bf4 Qe7 25. a4 Qe2 26. axb5 axb5 27. Qxe2 Rxe2 28. Rb1 Ne6 29. Be3 Bg5 30. Kf1 Rxe3 31. fxe3 Bxe3 32. Ra1 Kf8 33. Bb1 Bc1 34. Ra2 g6 35. b4 Ke7 36. Ra7+ Ke8 37. Ke2 h5 38. h4 Bf4 39. Kf3 Bd2 40. Ra3 Kd7 41. g3 Kd6 42. Ke2 Bc1 43. Ra8 Bh6 44. Bd3 Bg7 45. Kd1 Bh6 46. Bf1 Nc7 47. Rh8 Be3 48. Bh3 Ke7 49. Ke2 Bc1 50. Rc8 Ne8 51. Rxc6 Nd6 52. Bg2 Ke6 53. Rc5 1-0